AoeStats
← Křovák

QS Arena

503141334Analyzed
1v1 RM · 1mo ago on Aug 30, 2026· 50m 58s· 2 players
Game mode
Random Map
Map size
Tiny (2 player)
Population
200
Speed
Normal
Resources
Standard
Victory
Conquest
Starting age
Dark Age
Ending age
Imperial Age
RankedLock teamsTeams togetherTeam positionsShared explorationLock speedFull tech treeHidden civsTurbo modeCheats
Victory
Defeat
🇨🇿 Turks · Czechia
868
+17
🇬🇧 Burgundians · United Kingdom
892
-17
Křovák
7:32 Loom
9:17 Feudal Age
10:46 Double-Bit Axe
13:39 Castle Age
12:49 Horse Collar
20:06 Heavy Plow
20:34 Bow Saw
21:16 Fletching
23:19 Bodkin Arrow
28:33 Imperial Age
39:29 Artillery
39:56 Town Watch
43:52 Bracer
josiahkane
2:03 Double-Bit Axe
9:24 Feudal Age
9:52 Horse Collar
11:05 Heavy Plow
11:58 Loom
17:37 Castle Age
17:07 Forging
19:21 Iron Casting
24:22 Imperial Age
26:23 Cavalier
28:25 Chemistry
27:37 Fletching
27:47 Murder Holes
Connection lost

Rejoining the realm…

Still unreachable

The connection could not be restored.

Session expired

The server has moved on; the page needs a fresh start.